 Dungeon Crawl Stone Soup version 0.30-a0-1074-g5db6f66fbb (webtiles) character file.

Game seed: 13700770079096216753

15967 BlueFish the Covert (level 12, -8/79 HPs)
             Began as an Octopode Warper on Apr 13, 2023.
             Was a High Priest of Cheibriados.
             Mangled by a two-headed ogre
             ... wielding a +0 giant club of flaming
              (12 damage)
             ... in a volcano on Apr 14, 2023.
             The game lasted 00:35:23 (13063 turns).

BlueFish the Covert (Octopode Warper)              Turns: 13063, Time: 00:35:24

Health: -8/79      AC: 19    Str: 25    XL:     12   Next: 32%
Magic:  14/20      EV: 23    Int: 26    God:    Cheibriados [*****.]
Gold:   732        SH:  0    Dex: 24    Spells: 10/22 levels left

rFire   . . .      SeeInvis +    a - +7 staff of the Meek {protect, meekguard}
rCold   + + .      Faith    .    (shield currently unavailable)
rNeg    . . .      Spirit   .    (helmet restricted)
rPois   +          Reflect  .    (no amulet)
rElec   .          Rampage  .    l - ring of willpower
rCorr   .                        p - +5 ring of evasion
Will    +....                    y - ring of protection from cold
Stlth   ++++++                   E - ring of wizardry
HPRegen 0.33/turn                N - +4 ring of protection
MPRegen 0.17/turn                P - ring of protection from cold
                                 Q - ring of poison resistance
                                 S - ring of see invisible

@: under a protective aura, on blink cooldown, very slow
A: almost no armour, amphibious, 8 rings, camouflage 1, gelatinous body 1,
(nimble swimmer 1), tentacles
a: Renounce Religion, Bend Time, Temporal Distortion, Slouch, Step From Time


You were in a volcano.
You worshipped Cheibriados.
Cheibriados was extremely pleased with you.
You visited 3 branches of the dungeon, and saw 15 of its levels.
You also visited: Volcano.

You collected 732 gold pieces.

Inventory:

Hand Weapons
 a - the +7 staff of the Meek (weapon) {protect, meekguard}
   (You found it on level 3 of the Dungeon)
 b - a +2 sling of freezing
Missiles
 c - 7 boomerangs of dispersal
 d - 121 stones
 q - 30 poisoned darts
 F - 10 throwing nets
 I - 10 boomerangs
 J - 6 atropa-tipped darts
 O - 4 silver javelins
Jewellery
 l - a ring of willpower (left tentacle)
 p - a +5 ring of evasion (right tentacle)
 y - a ring of protection from cold (on tentacle)
 E - a ring of wizardry (on tentacle)
 N - a +4 ring of protection (on tentacle)
 P - a ring of protection from cold (on tentacle)
 Q - a ring of poison resistance (on tentacle)
 S - a ring of see invisible (on tentacle)
Wands
 t - a wand of digging (5)
 z - a wand of roots (13)
 L - a wand of light (20)
 M - a wand of mindburst (6)
 R - a wand of charming (5)
Scrolls
 e - 5 scrolls of poison
 f - a scroll of teleportation
 g - a scroll of magic mapping
 i - 5 scrolls of enchant armour
 m - 3 scrolls of blinking
 o - 2 scrolls of noise
 r - a scroll of amnesia
 u - a scroll of fear
 C - 2 scrolls of vulnerability
 H - 2 scrolls of enchant weapon
 T - 2 scrolls of identify
Potions
 h - 2 potions of mutation
 j - 2 potions of attraction
 k - a potion of ambrosia
 n - 3 potions of haste
 v - 7 potions of cancellation
 w - 3 potions of curing
 x - 3 potions of lignification
 A - 3 potions of brilliance
 B - 2 potions of berserk rage
 D - a potion of magic
 G - 2 potions of might
 K - a potion of flight
Miscellaneous
 s - a tin of tremorstones (2/2)


   Skills:
 + Level 6.1 Fighting
 - Level 2.7(4.5) Maces & Flails
 + Level 5.6(6.0) Staves
 + Level 5.3 Ranged Weapons
 + Level 5.9 Throwing
 + Level 6.2 Dodging
 * Level 11.9 Stealth
 + Level 1.8 Unarmed Combat
 + Level 5.6 Spellcasting
 + Level 6.5 Translocations
 * Level 6.2 Transmutations
 + Level 4.9 Invocations
 + Level 4.9 Evocations


You had 10 spell levels left.
You knew the following spells:

 Your Spells              Type           Power      Damage    Failure   Level
a - Blink                 Tloc           82%        N/A       1%          2
b - Lesser Beckoning      Tloc           82%        N/A       1%          2
c - Teleport Other        Tloc           41%        N/A       1%          3
d - Blade Hands           Tmut           19%        N/A       6%          5

Your spell library contained the following spells:

 Spells                   Type           Power      Damage    Failure   Level
 Apportation              Tloc           82%        N/A       1%          1
 Manifold Assault         Tloc           41%        N/A       1%          4
 Portal Projectile        Hex/Tloc       48%        N/A       2%          3
 Vhi's Electric Charge    Tloc/Air       48%        N/A       2%          3
 Necrotise                Necr           28%        1d5       3%          1
 Shock                    Conj/Air       28%        1d4       3%          1
 Summon Small Mammal      Summ           28%        N/A       3%          1
 Cigotuvi's Dreadful Rot  Necr/Pois/Air  14%        N/A       4%          2
 Scorch                   Fire           14%        2d5       4%          2
 Ignite Poison            Fire/Tmut/Pois 18%        N/A       4%          3
 Swiftness                Air            7%         N/A       9%          3
 Tukima's Dance           Hex            7%         N/A       9%          3
 Airstrike                Air            3%         2d(1-17)  28%         4
 Flame Wave               Conj/Fire      7%         2d5       28%         4
 Freezing Cloud           Conj/Ice/Air   3%         6-21      58%         5
 Conjure Ball Lightning   Conj/Air       3%         3x3d6     98%         6
 Summon Cactus Giant      Summ           3%         N/A       98%         6
 Malign Gateway           Summ/Tloc      12%        N/A       99%         7
 Discord                  Hex            3%         N/A       100%        8
 Disjunction              Tloc           20%        N/A       100%        8
 Summon Horrible Things   Summ           3%         N/A       100%        8


Dungeon Overview and Level Annotations

Branches:
Dungeon (11/15)            Temple (1/1) D:6            Lair (3/5) D:8
  Snake (0/4) Lair:2          Orc (0/2) D:11        Volcano (1/1)
  Swamp: Lair:2-3    Shoals: Lair:2-3

Altars:
Ashenzari
Cheibriados
Dithmenos
Elyvilon
Fedhas
Gozag
Hepliaklqana
Kikubaaqudgha
Makhleb
Nemelex Xobeh
Okawaru
Qazlal
Ru
Sif Muna
Trog
Uskayaw
Vehumet
Wu Jian
Xom
Yredelemnul
Zin
The Shining One
Jiyva

Shops:
D:5 *   D:9 *

Portals:
Trove: D:11 (give 6 scrolls of blinking)

Annotations:
Lair:1 exclusion: oklob plant


Innate Abilities, Weirdness & Mutations

You cannot wear most types of armour.
You are amphibious.
You can wear up to eight rings at the same time.
Your skin changes colour to match your surroundings (Stealth+).
Your rubbery body absorbs attacks. (AC +1, EV +1)
((You are camouflaged when in or above water. (Stealth+)))
You have tentacles for arms and can constrict up to eight enemies at once.


Message History

Your +2 sling of freezing stops glowing.
The +7 staff of the Meek {protect, meekguard} hums with potential!
a - the +7 staff of the Meek (weapon)
{protect, meekguard} You hit the two-headed ogre.
Your weapon exudes an aura of protection.
The two-headed ogre is lightly wounded.
The two-headed ogre hits you with a +0 giant club of flaming!
The two-headed ogre burns you.
The two-headed ogre hits you with a +0 giant club of flaming.
The two-headed ogre burns you.
You hit the two-headed ogre.
You tentacle-slap the two-headed ogre, but do no damage.
The two-headed ogre is lightly wounded.
You thump the two-headed ogre! You squeeze the two-headed ogre.
The two-headed ogre is heavily wounded.
The two-headed ogre hits you with a +0 giant club of flaming!
The two-headed ogre burns you. The two-headed ogre misses you.
You thump the two-headed ogre! You squeeze the two-headed ogre.
The two-headed ogre is heavily wounded.
The two-headed ogre hits you with a +0 giant club of flaming!!
* * * LOW HITPOINT WARNING * * *
The two-headed ogre burns you!
* * * LOW HITPOINT WARNING * * *
The two-headed ogre completely misses you.
Okay, then.
You warp the flow of time around you!
Cheibriados lowers the support of your attributes as your movement quickens.
Okay, then.
Aiming: Charm
Press: ? - help, Shift-Dir - straight line, f/p - red draconian
Aim: a red draconian, wielding a +1 scimitar of flaming and wearing a +0 cloak (wandering, hasn't noticed you, chance to affect: 44%)
The red draconian resists with some effort.
The red draconian breathes fire at you. The searing blast misses you.
The two-headed ogre shouts in stereo!
Casting: Lesser Beckoning (safe; 1% risk of failure)
Confirm with . or Enter, or press ? or * to list all spells.
You blink.
The two-headed ogre hits you with a +0 giant club of flaming!
You die...

○# ########## #.#####
###..........§...###
.....§≈≈≈§≈§§......
....≈≈≈≈≈§§§≈§....###
....§≈≈§§≈≈§≈§§≈....#
...≈≈≈≈§≈§≈≈§≈§....##
#...§≈§§≈§≈≈§≈≈≈....#
##...§≈≈≈≈≈≈≈≈≈.@..#
##..§≈§≈≈≈≈....O###
#..§..........#.## ##
#...##..###..###☼##≈≈##
#.####### #### ##§≈§§§#
##. #d§≈≈§# # .![.≈§°#
##$[≈≈≈≈# $.§§§≈≈#


You could see a red draconian and a two-headed ogre.

Vanquished Creatures
  Harold (D:9)
  Fannar (D:10)
  3 two-headed ogres
  A bog body (Lair:2)
  A cyclops (D:11)
  Joseph (Lair:1)
  2 black mambas
  A cane toad (Lair:1)
  2 gargoyles
  3 komodo dragons
  A rime drake (Lair:3)
  2 trolls
  3 dream sheep
  A slime creature (D:10)
  2 shadows
  A wyvern (Lair:2)
  10 yaks
  Grum (D:10)
  4 nagas (Lair:2)
  An acid dragon (D:11)
  6 water moccasins
  A black bear (Lair:1)
  A sky beast (D:6)
  2 orc warriors
  3 ogres
  4 centaurs
  9 wolves
  A phantom (D:4)
  2 kobold brigands
  7 bullfrogs
  3 gnoll sergeants (D:8)
  2 scorpions
  6 wights (D:8)
  5 howler monkeys
  14 hounds
  6 jellies
  4 orc priests
  Crazy Yiuf (D:5)
  2 sleepcaps (D:7)
  6 gnoll boudas
  9 orc wizards
  2 iguanas
  26 gnolls
  15 adders
  2 white imps (D:6)
  2 worms (D:3)
  A dart slug (D:1)
  39 orcs
  9 ball pythons
  6 endoplasms
  2 giant cockroaches
  10 goblins
  5 hobgoblins
  18 jackals
  20 kobolds
  4 quokkas
  8 bats
  2 frilled lizards
  5 rats
312 creatures vanquished.

Vanquished Creatures (others)
  2 fungi
  17 plants
19 creatures vanquished.

Grand Total: 331 creatures vanquished

Notes
Turn   | Place    | Note
-------+----------+-------------------------------------------
     0 | D:1      | BlueFish the Octopode Warper began the quest for the Orb.
     0 | D:1      | Reached XP level 1. HP: 14/14 MP: 3/3
    32 | D:1      | Found a faded altar of an unknown god.
    41 | D:1      | Reached skill level 1 in Stealth
    45 | D:1      | Reached XP level 2. HP: 14/19 MP: 5/5
    49 | D:1      | Learned a level 2 spell: Blink
    52 | D:1      | Learned a level 2 spell: Lesser Beckoning
   365 | D:1      | Reached skill level 2 in Stealth
   365 | D:1      | Reached XP level 3. HP: 14/24 MP: 6/6
  1411 | D:3      | You fall into a shaft and drop 2 floors!
  1411 | D:5      | Entered Level 5 of the Dungeon
  1462 | D:4      | Reached XP level 4. HP: 29/29 MP: 7/7
  1475 | D:4      | Reached skill level 3 in Stealth
  1587 | D:4      | Learned a level 3 spell: Teleport Other
  1602 | D:4      | Reached XP level 5. HP: 22/35 MP: 2/8
  2010 | D:3      | Found the +7 staff of the Meek {protect, meekguard}
  2209 | D:3      | Reached XP level 6. HP: 41/41 MP: 9/9
  2289 | D:3      | Reached skill level 4 in Stealth
  2625 | D:4      | Noticed an orc warrior
  2825 | D:4      | Reached skill level 1 in Ranged Weapons
  2877 | D:3      | Killed an orc warrior
  2878 | D:3      | Reached skill level 1 in Staves
  2878 | D:3      | Reached XP level 7. HP: 14/45 MP: 11/11
  3067 | D:4      | Reached skill level 5 in Stealth
  3600 | D:5      | Reached XP level 8. HP: 52/52 MP: 12/12
  3675 | D:5      | Reached skill level 6 in Stealth
  3697 | D:5      | Found Bohafeude's Elemental Accessories.
  3875 | D:5      | Found a stormy altar of Qazlal.
  3888 | D:5      | Found an opulent altar of Gozag.
  4073 | D:5      | Found a runed translucent door.
  4074 | D:5      | Noticed Crazy Yiuf
  4142 | D:5      | Killed Crazy Yiuf
  4377 | D:6      | Found a staircase to the Ecumenical Temple.
  4386 | Temple   | Entered the Ecumenical Temple
  4482 | Temple   | Became a worshipper of Cheibriados the Contemplative
  4636 | D:6      | Found a burning altar of Makhleb.
  4700 | D:6      | Reached skill level 7 in Stealth
  4914 | D:6      | Found a glowing golden altar of the Shining One.
  4914 | D:6      | Found a hide-covered altar of Uskayaw.
  5288 | D:7      | Reached skill level 1 in Invocations
  5288 | D:7      | Reached skill level 1 in Evocations
  5288 | D:7      | Reached XP level 9. HP: 53/58 MP: 14/14
  5352 | D:7      | Learned a level 5 spell: Blade Hands
  5432 | D:7      | Reached * piety under Cheibriados
  5668 | D:7      | Reached skill level 1 in Transmutations
  6062 | D:7      | Reached skill level 8 in Stealth
  6135 | D:8      | Noticed a troll
  6398 | D:8      | Reached ** piety under Cheibriados
  6399 | D:8      | Reached skill level 5 in Translocations
  6512 | D:8      | Reached XP level 10. HP: 62/65 MP: 16/16
  6717 | D:8      | Noticed a two-headed ogre
  6773 | D:8      | Reached skill level 9 in Stealth
  7131 | D:8      | Found a staircase to the Lair.
  7157 | D:8      | Reached skill level 5 in Dodging
  7598 | D:8      | Reached *** piety under Cheibriados
  7830 | D:8      | Killed a two-headed ogre
  7831 | D:8      | Reached skill level 5 in Fighting
  8423 | D:9      | Found Nonk's Assorted Antiques.
  8485 | D:9      | Noticed Harold
  8782 | D:9      | Killed Harold
  8783 | D:9      | Reached skill level 5 in Throwing
  8804 | D:10     | Entered Level 10 of the Dungeon
  8851 | D:10     | Noticed Grum
  8858 | D:10     | Reached skill level 10 in Stealth
  8898 | D:10     | Killed Grum
  8950 | D:10     | Noticed a gargoyle
  8957 | D:10     | Killed a gargoyle
  8958 | D:10     | Reached XP level 11. HP: 39/72 MP: 16/18
  9150 | D:10     | Found a viscous altar of Jiyva.
  9186 | D:10     | Reached **** piety under Cheibriados
  9391 | D:10     | Noticed Fannar
  9429 | D:10     | Reached skill level 5 in Spellcasting
  9556 | D:10     | Found a hazy altar of Hepliaklqana.
  9951 | D:10     | Killed Fannar
 10111 | D:11     | Found a staircase to the Orcish Mines.
 10201 | D:11     | Reached skill level 5 in Transmutations
 10220 | D:11     | Noticed a two-headed ogre
 10230 | D:11     | Killed a two-headed ogre
 10231 | D:11     | Reached skill level 5 in Staves
 10307 | D:11     | Noticed a two-headed ogre
 10338 | D:11     | Killed a two-headed ogre
 10873 | D:11     | Noticed a cyclops
 10885 | D:11     | Killed a cyclops
 10987 | D:11     | Reached skill level 11 in Stealth
 11034 | D:11     | Found a portal to a secret trove of treasure.
 11182 | Lair:1   | Entered Level 1 of the Lair of Beasts
 11221 | Lair:1   | Found a blossoming altar of Fedhas.
 11293 | Lair:1   | Noticed Joseph
 11305 | Lair:1   | Killed Joseph
 11473 | Lair:1   | Reached skill level 5 in Ranged Weapons
 12316 | Lair:1   | Noticed an oklob plant
 12415 | Lair:2   | Reached skill level 1 in Unarmed Combat
 12422 | Lair:2   | Reached XP level 12. HP: 59/78 MP: 20/20
 12560 | Lair:2   | Noticed a death yak
 12561 | Lair:2   | Noticed a death yak
 12562 | Lair:2   | Noticed a death yak
 12563 | Lair:2   | Noticed a death yak
 12568 | Lair:2   | Noticed a death yak
 12593 | Lair:2   | Reached ***** piety under Cheibriados
 12610 | Lair:2   | Identified the +0 ring mail "Giuck" {rElec rCorr Str-2
                  | Dex+3}
 12798 | Lair:2   | Found a staircase to the Snake Pit.
 12987 | Lair:3   | Found a dark tunnel.
 12995 | Volcano  | Entered a volcano
 13051 | Volcano  | Noticed a red draconian
 13053 | Volcano  | Noticed a two-headed ogre
 13063 | Volcano  | Mangled by a two-headed ogre

Illustrated notes

Levels and vault maps discovered:
D:1:      wheals_arrival_shading, layout_basic, basic_ecumenical_altar
D:2:      layout_rooms
D:3:      layout_basic, pf_guarded_unrand_meek
D:4:      layout_cave_pools
D:5:      layout_rooms, mainiacjoe_overflow_large_starburst,
          nicolae_elemental_shop, serial_bayou_pond_b, interstate_on_off,
          nicolae_half_adder, uniq_crazy_yiuf_cottage
D:6:      layout_rooms, mainiacjoe_overflow_paths,
          gammafunk_temple_overflow_wave, minmay_temple_entry_large_hall
D:7:      layout_basic, minmay_parallelograms, kennysheep_doodads
D:8:      layout_cave_pools, david_lair_shrubbed, serial_gnoll_camp,
          gnoll_camp_mini_house, gnoll_camp_mini_basic, gnoll_camp_huts_moat,
          gnoll_camp_mini_house, dreamdust_gnoll_shepherd
D:9:      layout_big_octagon, serial_shops, nicolae_shop_overgrown_old_shop,
          minmay_misc_feat_ornament, roderic_roman_lattice, uniq_harold
D:10:     layout_basic, general_overflow_altar, jiyva_altar_1, uniq_grum,
          uniq_fannar
D:11:     layout_loops_ring, orc_0_dummy, nicolae_trove_entry_crystal
Temple:   minmay_temple_bridge_d
Lair:1:   layout_gridlike, tgw_fedhas, uniq_joseph
Lair:2:   layout_layer_cave, skrybe_swamp_entry_bodies,
          guppyfry_snake_entry_garden, nicolae_lair_lil_pond,
          beast_lair_carwin_7, grunt_megastairs_3, serial_bayou_shore_b
Lair:3:   layout_regular_city, lightli_volcano_entry_magma_tube,
          gammafunk_ghost_grave, serial_bayou_shore_b, serial_bayou_shore_b,
          grunt_megastairs_4
Volcano:  volcano_pools

Skill      XL: |  1  2  3  4  5  6  7  8  9 10 11 12 |
---------------+-------------------------------------+-----
Stealth        | 1 2 3 4 5 7 8 10 11 | 11.9
Throwing       | 2 3 4 5 |  5.9
Dodging        | 3 4 5 6 |  6.2
Ranged Weapons | 1 2 3 4 5 |  5.3
Staves         | 1 2 3 4 5 |  5.6
Fighting       | 3 4 5 6 |  6.1
Spellcasting   | 3 4 5 |  5.6
Translocations | 4 5 6 |  6.5
Invocations    | 1 2 3 4 |  4.9
Evocations     | 1 2 3 4 |  4.9
Transmutations | 2 4 5 6 |  6.2
Unarmed Combat | 1 |  1.8
Maces & Flails | |  2.7

Action                     |  1- 3 |  4- 6 |  7- 9 | 10-12 || total
---------------------------+-------+-------+-------+-------++-------
  Melee: Mace              |    76 |    40 |       |       ||   116
         Constrict         |    18 |    21 |    53 |    45 ||   137
         Tentacles         |    16 |    17 |    48 |    96 ||   177
         Quarterstaff      |       |    37 |   207 |   322 ||   566
         Punch             |       |       |     2 |     7 ||     9
   Fire: Sling             |       |    56 |   147 |   247 ||   450
  Throw: Dart              |       |       |       |    12 ||    12
   Cast: Teleport Other    |       |     1 |       |    14 ||    15
         Lesser Beckoning  |       |       |     8 |    16 ||    24
         Blink             |       |       |       |     4 ||     4
 Invoke: Bend Time         |       |       |     1 |       ||     1
         Temporal Distorti |       |       |       |     1 ||     1
  Evoke: Wand              |       |       |       |     4 ||     4
    Use: Scroll            |     1 |     4 |     4 |    16 ||    25
   Stab: Sleeping          |    16 |       |     3 |     7 ||    26
 Armour: Skin              |     4 |     3 |    51 |    36 ||    94
  Dodge: Dodged            |    47 |    57 |   236 |   309 ||   649

Table legend: (Time is in decaauts)
 A = Elapsed time spent in this place.
 B = Non-inter-level travel time spent in this place.
 C = Inter-level travel time spent in this place.
 D = Time resting spent in this place.
 E = Time spent auto-exploring this place.
 F = Levels seen in this place.
 G = Mean time per level.
                   A        B        C        D        E       F      G
               +--------+--------+--------+--------+--------+-----+--------+
         Total |  16203 |  14522 |   1681 |    780 |  10354 |  16 | 1012.7 |
       Dungeon |  13601 |  12105 |   1496 |    610 |   8585 |  11 | 1236.5 |
        Temple |    260 |    226 |     34 |      0 |    217 |   1 |  260.0 |
          Lair |   2246 |   2096 |    150 |    170 |   1475 |   3 |  748.7 |
       Volcano |     94 |     94 |      0 |      0 |     76 |   1 |   94.0 |
               +--------+--------+--------+--------+--------+-----+--------+

Top non-repeatable levels by time:
     D:8: 2099 daAuts
     D:7: 1815 daAuts
    D:10: 1758 daAuts
    D:11: 1605 daAuts
  Lair:1: 1526 daAuts
     D:5: 1052 daAuts
     D:3: 1030 daAuts
     D:4: 1025 daAuts
     D:9: 999 daAuts
     D:1: 962 daAuts
     D:6: 834 daAuts
  Lair:2: 568 daAuts
     D:2: 417 daAuts
  Temple: 260 daAuts
  Lair:3: 151 daAuts
